 Dungeon Crawl Stone Soup version 0.30.0-30-g96aa6591b8 (webtiles) character file.

Game seed: 14899722849698032290

2642 croobank the Sneak (level 9, -2/59 HPs)
             Began as an Octopode Fire Elementalist on June 27, 2023.
             Was an Initiate of Gozag.
             Slain by a ynoxinul (4 damage)
             ... summoned by a kobold demonologist
             ... on level 7 of the Dungeon.
             The game lasted 00:25:31 (8667 turns).

croobank the Sneak (Octopode Fire Elementalist)     Turns: 8667, Time: 00:25:31

Health: -2/59      AC:  1    Str:  7    XL:     9   Next: 61%
Magic:  2/16       EV: 15    Int: 21    God:    Gozag
Gold:   445        SH:  0    Dex: 13    Spells: 11/17 levels left

rFire   . . .        x - +0 dagger (holy)
rCold   + + .        (no shield)
rNeg    . . .        (helmet restricted)
rPois   .            (no amulet)
rElec   .            r - ring of protection from cold
rCorr   .            t - ring of flight
SInv    +            b - ring of see invisible
Will    .....        B - ring of protection from cold
Stlth   +++++        (no ring)
HPRegen 0.29/turn    (no ring)
MPRegen 0.15/turn    (no ring)
                     (no ring)

%: no passive effects
@: flying
A: almost no armour, amphibious, 8 rings, camouflage 1, gelatinous body 1,
(nimble swimmer 1), tentacles
a: Renounce Religion, Potion Petition, Call Merchant, Bribe Branch


You were on level 7 of the Dungeon.
You worshipped Gozag.
Gozag was aware of your devotion.
You visited 2 branches of the dungeon, and saw 9 of its levels.

You collected 555 gold pieces.
You paid 110 gold pieces to Gozag.

Inventory:

Hand Weapons
 a - a +2 dagger of draining
 e - a +0 falchion
 i - a +0 short sword
 p - a +1 war axe of draining
 x - a +0 dagger of holy wrath (weapon)
 y - a +0 shortbow
 G - a +1 spear of freezing
 M - a +0 long sword
Missiles
 o - 15 poisoned darts (quivered)
Armour
 f - a +0 kite shield
Magical Staves
 v - a staff of fire
 E - a staff of poison
Jewellery
 b - a ring of see invisible (on tentacle)
 r - a ring of protection from cold (left tentacle)
 t - a ring of flight (right tentacle)
 B - a ring of protection from cold (on tentacle)
 H - a ring of willpower
Wands
 d - a wand of flame (14)
 g - a wand of digging (12)
 s - a wand of mindburst (5)
Scrolls
 c - a scroll of amnesia
 q - a scroll of poison {unknown}
 u - 3 scrolls of fog
 z - 4 scrolls of identify
 C - 2 scrolls of immolation
 D - 2 scrolls of enchant armour {unknown}
 I - 2 scrolls of magic mapping
 J - a scroll of silence {unknown}
 K - a scroll of enchant weapon
Potions
 j - 2 potions of lignification {unknown}
 k - 3 potions of flight
 m - 3 potions of curing
 n - a potion of brilliance {unknown}
 w - a potion of attraction {unknown}
 A - a potion of might {unknown}
 F - a potion of resistance {unknown}
 L - 2 potions of haste {unknown}


   Skills:
 + Level 4.5 Fighting
 + Level 5.1 Dodging
 + Level 7.5 Stealth
 + Level 4.7 Spellcasting
 + Level 4.8 Conjurations
 + Level 4.5 Hexes
 + Level 5.7 Fire Magic


You had 11 spell levels left.
You knew the following spells:

 Your Spells              Type           Power      Damage    Failure   Level
a - Foxfire               Conj/Fire      100%       2x1d9     1%          1
b - Scorch                Fire           58%        2d7       1%          2
c - Inner Flame           Hex/Fire       26%        N/A       4%          3

Your spell library contained the following spells:

 Spells                   Type           Power      Damage    Failure   Level
 Magic Dart               Conj           100%       1d8       1%          1
 Searing Ray              Conj           50%        2d6       2%          2
 Apportation              Tloc           8%         N/A       11%         1
 Necrotise                Necr           16%        1d4       11%         1
 Summon Small Mammal      Summ           16%        N/A       11%         1
 Volatile Blastmotes      Fire/Tloc      34%        2d12      11%         3
 Flame Wave               Conj/Fire      27%        2d9       13%         4
 Fulminant Prism          Conj/Hex       12%        3d8       16%         4


Dungeon Overview and Level Annotations

Branches:
Dungeon (8/15)             Temple (1/1) D:4
   Lair: D:8-11

Altars:
Ashenzari
Cheibriados
Dithmenos
Elyvilon
Fedhas
Gozag
Hepliaklqana
Kikubaaqudgha
Makhleb
Okawaru
Qazlal
Ru
Sif Muna
Trog
Vehumet
Wu Jian
Xom
Yredelemnul
The Shining One

Shops:
D:6 *

Annotations:
D:4 exclusion: statue


Innate Abilities, Weirdness & Mutations

You cannot wear most types of armour.
You are amphibious.
You can wear up to eight rings at the same time.
Your skin changes colour to match your surroundings (Stealth+).
Your rubbery body absorbs attacks. (AC +1, EV +1)
((You are camouflaged when in or above water. (Stealth+)))
You have tentacles for arms and can constrict up to eight enemies at once.


Message History

The white imp shouts, "Quit, thou reeling-ripe sheep-biting measle!"
You feel much better.
The kobold demonologist mumbles some strange words.
Okay, then.
Okay, then.
Your +0 dagger of holy wrath softly glows with a divine radiance!
x - a +0 dagger of holy wrath (weapon)
You hit the kobold demonologist but do no damage.
Your grab misses the kobold demonologist.
You squeeze the kobold demonologist, but do no damage.
The kobold demonologist is severely wounded.
The kobold demonologist is no longer more vulnerable to fire.
The kobold demonologist casts a spell.
The iron imp grinds its teeth.
You hit the kobold demonologist.
Your grab misses the kobold demonologist.
You tentacle-slap the kobold demonologist, but do no damage.
The kobold demonologist is severely wounded.
The kobold demonologist hits you with the +3 quarterstaff of Misery {holy, Dex+3}!
The ynoxinul hits you!
* * * LOW HITPOINT WARNING * * *
The crimson imp closely misses you. The neqoxec hits you!
* * * LOW HITPOINT WARNING * * *
You barely miss the kobold demonologist.
You grab the kobold demonologist.
The kobold demonologist is severely wounded.
You recover from your berserk rage.
You constrict the kobold demonologist, but do no damage.
The kobold demonologist casts a spell.
The ynoxinul gestures.
The crimson imp hits you.
* * * LOW HITPOINT WARNING * * *
The neqoxec barely misses you.
You hit the kobold demonologist but do no damage.
Your squeeze misses the kobold demonologist.
The kobold demonologist is severely wounded.
You constrict the kobold demonologist, but do no damage.
The kobold demonologist casts a cantrip, but nothing happens.
The ynoxinul hits you.
You die...
Your body crumbles into a pile of gold.

.....##.#..##.!.## K#.#.
####.## .. .#.###K# ...#.
## .. #...## $K. #. ##.##
.# #. #.5# #. .. ###..##
#. .. #.5#5.# #. ##. .
##3K### #. .#. #. #3@# #.
##..#.###5###############.
#©..#.......(.)..........(
#...##.......###...).....
$ #.........## ##.###....
#.#..........# #..###...
#.........#...# ....##...
#.........####...###......
#.#....#....# #.###.......


You could see a kobold demonologist, a neqoxec (summoned), a ynoxinul
(summoned), an iron imp (summoned), a crimson imp (summoned) and 2 ufetubi.

Vanquished Creatures
  Maggie (D:6)
  A wyvern (D:7)
  An ice beast (D:5)
  2 sky beasts (D:7)
  A black bear (D:7)
  2 ogres
  3 centaurs
  A phantom (D:4)
  A kobold brigand (D:5)
  A gnoll sergeant (D:6)
  2 bullfrogs (D:7)
  7 killer bees
  2 howler monkeys
  2 jellies
  5 hounds
  2 iguanas
  2 orc wizards
  Ijyb (D:2)
  3 sleepcaps
  Robin (D:3)
  8 gnolls
  7 adders
  A shadow imp (D:5)
  A white imp (D:6)
  An ufetubus (D:5)
  3 worms (D:2)
  5 dart slugs
  13 orcs
  5 bats
  9 endoplasms
  2 giant cockroaches
  16 hobgoblins
  7 jackals
  6 quokkas
  11 ball pythons
  3 frilled lizards
  14 goblins
  25 kobolds
  6 rats
184 creatures vanquished.

Vanquished Creatures (collateral kills)
  6 foxfires
6 creatures vanquished.

Vanquished Creatures (others)
  217 foxfires
217 creatures vanquished.

Grand Total: 407 creatures vanquished

Notes
Turn   | Place    | Note
-------+----------+-------------------------------------------
     0 | D:1      | croobank the Octopode Fire Elementalist began the quest for
                  | the Orb.
     0 | D:1      | Reached XP level 1. HP: 11/11 MP: 3/3
   174 | D:1      | Reached XP level 2. HP: 14/17 MP: 1/5
   175 | D:1      | Reached skill level 3 in Stealth
   242 | D:1      | Learned a level 2 spell: Scorch
   394 | D:1      | Reached XP level 3. HP: 21/21 MP: 1/6
   845 | D:1      | Learned a level 3 spell: Inner Flame
  1092 | D:2      | Reached XP level 4. HP: 27/27 MP: 2/7
  1184 | D:2      | Identified the +10 sling "Goblinslayer" {flame, rElec rPois
                  | Will- rCorr}
  1208 | D:2      | Reached skill level 1 in Fighting
  2264 | D:3      | Reached skill level 1 in Hexes
  2264 | D:3      | Reached XP level 5. HP: 25/33 MP: 4/8
  2482 | D:3      | Found a broken altar of Ashenzari.
  2559 | D:3      | Found a snail-covered altar of Cheibriados.
  2587 | D:3      | Noticed Robin
  2652 | D:3      | Noticed Ijyb
  2663 | D:2      | Killed Ijyb
  2664 | D:2      | Reached skill level 4 in Stealth
  2828 | D:3      | Killed Robin
  2834 | D:3      | Noticed an ogre
  2888 | D:3      | Killed an ogre
  2889 | D:3      | Reached XP level 6. HP: 39/39 MP: 2/10
  3307 | D:3      | Found a faded altar of an unknown god.
  3707 | D:4      | Found a staircase to the Ecumenical Temple.
  3718 | Temple   | Entered the Ecumenical Temple
  4245 | D:4      | Found a white marble altar of Elyvilon.
  4275 | D:4      | Found a radiant altar of Vehumet.
  4477 | D:4      | Found a basalt altar of Yredelemnul.
  4477 | D:4      | Found a sacrificial altar of Ru.
  4510 | D:5      | Entered Level 5 of the Dungeon
  4510 | D:5      | Noticed an ice beast
  4514 | D:5      | Killed an ice beast
  4515 | D:5      | Reached XP level 7. HP: 45/45 MP: 2/11
  4622 | D:5      | Reached skill level 5 in Stealth
  5887 | D:5      | Reached XP level 8. HP: 52/52 MP: 9/13
  6694 | D:6      | Reached skill level 6 in Stealth
  7076 | D:6      | Noticed Maggie
  7089 | D:6      | Killed Maggie
  7090 | D:6      | Reached skill level 5 in Fire Magic
  7278 | D:6      | Found Gozag's Platinum Reserve.
  7282 | D:6      | Found an opulent altar of Gozag.
  7339 | D:6      | Became a worshipper of Gozag Ym Sagoz the Greedy
  7377 | D:7      | Reached XP level 9. HP: 58/58 MP: 7/15
  7753 | D:7      | Found a glowing golden altar of the Shining One.
  7854 | D:6      | Reached skill level 7 in Stealth
  8224 | D:7      | Reached skill level 5 in Dodging
  8626 | D:7      | Identified the staff of conjuration "Kuowuifo" {Will+ rCorr
                  | Str+4 Dex-2}
  8626 | D:7      | Identified the ring of Fihuca {Ice rCorr Str-3 Int+7 Dex-4
                  | Slay+4}
  8626 | D:7      | Noticed a kobold demonologist
  8627 | D:7      | Identified the +3 quarterstaff of Misery {holy, Dex+3}
  8627 | D:7      | Noticed a kobold demonologist
  8628 | D:7      | Noticed a cyclops
  8666 | D:7      | HP: 2/59 [crimson imp[a kobold demonologist] (3)]
  8667 | D:7      | Slain by a ynoxinul

Illustrated notes

Levels and vault maps discovered:
D:1:      sevenhm_arrival_forest_fort_small_6, layout_basic
D:2:      layout_loops_ring, grunt_decor_one_mirror, grunt_decor_fettered,
          minmay_increasing_density
D:3:      layout_loops_ring, mainiacjoe_overflow_brackets,
          mainiacjoe_overflow_cross_hatched,
          shapermc_ecumenical_altar_mp_highgroup, serial_bayou_pond_b,
          nicolae_goblin_pals
D:4:      layout_rooms, mainiacjoe_overflow_small_starburst,
          gammafunk_temple_overflow_elements, vehumet_statue,
          minmay_temple_entry_purple_smoke
D:5:      kennysheep_kobold_camp, layout_cave_pools, kennysheep_small_square
D:6:      layout_basic, nicolae_gozag_zags_fifth_avenue, uniq_maggie
D:7:      minmay_the_grid_square_5x5_3x3
          [minmay_the_grid_square_5x5_broken_cross,
          minmay_the_grid_square_5x5_eight_small,
          minmay_the_grid_square_5x5_shrine2, minmay_the_grid_square_5x5_eight,
          minmay_the_grid_square_5x5_megaprize_open,
          minmay_the_grid_square_5x5_minimal, minmay_the_grid_square_5x5_bite,
          minmay_the_grid_square_5x5_two_walls_b,
          minmay_the_grid_square_5x5_spiral], layout_cave_pools,
          nemelex_dance_club_becter, mainiacjoe_overflow_alcove_4,
          gammafunk_ghost_stat_death
D:8:      layout_loops_ring, mainiacjoe_overflow_boulevard,
          nicolae_two_hexagons, nicolae_looking_at_the_future
Temple:   minmay_temple_curvy_loop

Skill      XL: |  1  2  3  4  5  6  7  8  9 |
---------------+----------------------------+-----
Stealth        | 3 4 5 6 7 |  7.5
Fighting       | 1 2 3 4 |  4.5
Hexes          | 1 2 3 4 |  4.5
Conjurations   | 2 3 4 |  4.8
Dodging        | 3 4 5 |  5.1
Fire Magic     | 4 5 |  5.7
Spellcasting   | 3 4 |  4.7

Action                     |  1- 3 |  4- 6 |  7- 9 || total
---------------------------+-------+-------+-------++-------
  Melee: Dagger            |    50 |    61 |    20 ||   131
         Constrict         |    14 |    16 |    13 ||    43
         Tentacles         |    12 |     9 |    14 ||    35
         Unarmed           |     1 |       |       ||     1
         Staff             |       |       |    23 ||    23
         Punch             |       |       |     1 ||     1
  Throw: Throwing net      |       |       |     1 ||     1
   Cast: Foxfire           |    13 |    35 |    77 ||   125
         Scorch            |    13 |    37 |    87 ||   137
  Evoke: Wand              |       |       |     6 ||     6
    Use: Potion            |       |     2 |     8 ||    10
         Scroll            |       |    13 |       ||    13
   Stab: Sleeping          |    11 |    10 |     1 ||    22
         Distracted        |       |     1 |       ||     1
 Armour: Skin              |     4 |     3 |     9 ||    16
  Dodge: Dodged            |    36 |    55 |    79 ||   170
